Workbook

Sheet Project Budget
A1: Kate B. Reynolds Charitable Trust Application Budget
A2: Organization Name
A3: Request ID
A4: Grant ID:
A5: Revenue (Fill out Revenue Tab to populate) | C5: Year 1 | F5: Year 2 | I5: Year 3 | L5: Total
A6: Kate B. Reynolds Charitable Trust | C6: ='Revenue Narrative'!K9 -> 0 | F6: ='Revenue Narrative'!L9 -> 0 | I6: ='Revenue Narrative'!M9 -> 0 | L6: =C6+F6+I6 -> 0
A7: Other Foundation Support | C7: ='Revenue Narrative'!K18 -> 0 | F7: ='Revenue Narrative'!L18 -> 0 | I7: ='Revenue Narrative'!M18 -> 0 | L7: =C7+F7+I7 -> 0
A8: Government Support | C8: ='Revenue Narrative'!K25 -> 0 | F8: ='Revenue Narrative'!L25 -> 0 | I8: ='Revenue Narrative'!M25 -> 0 | L8: =C8+F8+I8 -> 0
A9: Individual Donations / Support | C9: ='Revenue Narrative'!K32 -> 0 | F9: ='Revenue Narrative'!L32 -> 0 | I9: ='Revenue Narrative'!M32 -> 0 | L9: =C9+F9+I9 -> 0
A11: Total Revenue | C11: =SUM(C6:C9) -> 0 | F11: =SUM(F6:F9) -> 0 | H11: =SUM(I6:I9) -> 0 | I11: =SUM(I6:I9) -> 0 | K11: =SUM(L6:L9) -> 0 | L11: =SUM(L6:L9) -> 0
A13: Expenses | C13: Project Cost Year 1 | D13: Grant Request Year 1 | E13: Trust Year 1 Recommendation | F13: Project Cost Year 2 | G13: Grant Request Year 2 | H13: Trust Year 2 Recommendation | I13: Project Cost Year 3 | J13: Grant Request Year 3 | K13: Trust Year 3 Recommendation | L13: Grant Request Total | M13: Expense Narrative (Describe expenses by line item listed in budget and explain how you arrived at the amount)
A14: Salaries / Benefits | D14: =D49 -> 0 | L14: =D14+G14+J14 -> 0
L15: =D15+G15+J15 -> 0
L16: =D16+G16+J16 -> 0
L17: =D17+G17+J17 -> 0
L18: =D18+G18+J18 -> 0
L19: =D19+G19+J19 -> 0
L20: =D20+G20+J20 -> 0
L21: =D21+G21+J21 -> 0
L22: =D22+G22+J22 -> 0
L23: =D23+G23+J23 -> 0
L24: =D24+G24+J24 -> 0
L25: =D25+G25+J25 -> 0
L26: =D26+G26+J26 -> 0
A28: Total Expenses | C28: =SUM(C14:C26) -> 0 | D28: =SUM(D14:D26) -> 0 | E28: =SUM(E14:E26) -> 0 | F28: =SUM(F14:F26) -> 0 | G28: =SUM(G14:G26) -> 0 | H28: =SUM(H14:H26) -> 0 | I28: =SUM(I14:I26) -> 0 | J28: =SUM(J14:J26) -> 0 | K28: =SUM(K14:K26) -> 0
A30: You must explain each revenue and expense line item listed in the narrative sections (see tabs below). Notes: Do not include indirect expenses. For most programmatic projects, the Trust will add indirect funds at 10% up to a maximum amount of $50,000. Although space is allotted for a three-year budget, proposed projects can be for a one, two or three-year period.
A32: Personnel List (List positions from salaries/benefits) (Amounts = Grant Request Amounts - not total project amounts)
A34: Position | B34: Hours Per Week | D34: Salary Amount Year 1 (Include Benefits) | G34: Description
C49: Salary Totals | D49: =SUM(D35:F48) -> 0
A52: NOTES:
A53: Project Costs = total project costs. This amount should either equal or exceed grant request amount
A54: Grant Request = amount requesting from Trust

Sheet Revenue Narrative
A1: Revenue Budget Narrative
A3: For any line items you list under revenue, describe the funding source and state whether funds are pending or received.
A5: Estimate funding from government, foundations, earned revenue/donations and other sources directly related to the proposed project.
B8: Name/source | D8: Notes | K8: Year 1 | L8: Year 2 | M8: Year 3 | N8: Pending | O8: Received
B9: Kate B. Reynolds Charitable Trust | N9: X
B10: Other Foundation Funding
B18: foundation subtotal | K18: =SUM(K11:K17) -> 0 | L18: =SUM(L11:L17) -> 0 | M18: =SUM(M11:M17) -> 0
B19: Government Support
B25: government subtotal | K25: =SUM(K20:K24) -> 0 | L25: =SUM(L20:L24) -> 0 | M25: =SUM(M20:M24) -> 0
B26: Individual Donations / Support
B32: donations subtotal | K32: =SUM(K27:K31) -> 0 | L32: =SUM(L27:L31) -> 0 | M32: =SUM(M27:M31) -> 0
D33: Total | K33: =K9+K18+K25+K32 -> 0 | L33: =L9+L18+L25+L32 -> 0 | M33: =M9+M18+M25+M32 -> 0

Sheet Expense Drop Down
A1: Expense Categories
A3: Capital / Equipment
A4: Consulting
A5: Convening / Meeting
A6: Evaluation
A7: Marketing / Communcations
A8: Partner Collaboration / Engagement
A9: Salaries / Benefits
A10: Supplies / Materials
A11: Technical Assistance
A12: Technology / IT
A13: Travel
... A16: Other:

Sheet Expense Narrative
A1: Expense Budget Narrative | F1: ='Project Budget'!C2 -> 0
F2: ='Project Budget'!B2 -> 0
A3: For any line items you list as an expense, describe how the expense is directly related to the proposed project.
A5: Salaries/benefits | B5: Break down each salary by individual position and FTE. Describe benefits provided and how they are calculated.
A6: Position | D6: FTE | E6: Salary & Benefits | F6: Notes
A12: Other | B12: Describe expenses by line item listed in budget and explain how you arrived at the amount. For all expenses, such as travel, equipment, supplies, or other, provide detail of how they are directly related to the proposed project or program.
A15: Item | E15: ******** | F15: Description
E16: ********
E17: ********
E18: ********
E19: ********
E20: ********
E21: ********
E22: ********
